 Dungeon Crawl Stone Soup version 0.30-a0-465-g8901f6c8b5 (webtiles) character file.

Game seed: 7807666649699822827

1378 Querens the Covert (level 8, -5/36 HPs)
             Began as a Spriggan Enchanter on Dec 18, 2022.
             Killed by divine providence
             ... invoked by an orc priest
              (15 damage)
             ... on level 5 of the Dungeon.
             The game lasted 00:17:33 (3905 turns).

Querens the Covert (Spriggan Enchanter)             Turns: 3905, Time: 00:17:33

Health: -5/36      AC:  3    Str:  8    XL:     8   Next: 39%
Magic:  11/18      EV: 18    Int: 22    God:
Gold:   128        SH:  0    Dex: 17    Spells: 12/20 levels left

rFire   . . .      SeeInvis +    i - +2 dagger (venom)
rCold   + . .      Faith    .    (no shield)
rNeg    . . .      Spirit   .    x - +1 robe of Yneats {Will- Str+4 Int+5 Archmagi}
rPois   .          Reflect  .    (helmet restricted)
rElec   .          Harm     .    (no cloak)
rCorr   .          Rampage  .    (gloves unavailable)
Will    .....      Archmagi +    (boots unavailable)
Stlth   ++++......               s - amulet of magic regeneration
HPRegen 0.26/turn                q - ring of protection from cold
MPRegen 0.56/turn                (no ring)

@: very quick
A: very small, no large weapons, unfitting armour, see invisible, speed 3
a: no special abilities


You were on level 5 of the Dungeon.
You visited 2 branches of the dungeon, and saw 6 of its levels.

You collected 330 gold pieces.
You spent 202 gold pieces at shops.

Inventory:

Hand Weapons
 i - a +2 dagger of venom (weapon)
 m - a +3 short sword
Missiles
 A - a curare-tipped dart (quivered)
Armour
 b - a +0 robe
 x - the +1 robe of Yneats (worn) {Will- Str+4 Int+5 Archmagi}
   (You found it on level 5 of the Dungeon)

   Str:       It affects your strength (+4).
   Int:       It affects your intelligence (+5).
   Archmagi:  It increases the power of your magical spells.
   Will:      It decreases your willpower.
Jewellery
 q - a ring of protection from cold (left hand)
 s - an amulet of magic regeneration (around neck)
 w - a ring of wizardry
Wands
 r - a wand of acid (7)
 z - a wand of paralysis (6)
Scrolls
 g - a scroll of fear
 j - a scroll of poison {unknown}
 l - 2 scrolls of amnesia
 p - 2 scrolls of blinking {unknown}
 t - 2 scrolls of enchant weapon
 u - a scroll of fog {unknown}
 y - a scroll of silence {unknown}
 B - a scroll of teleportation {unknown}
Potions
 c - 2 potions of invisibility
 d - 2 potions of berserk rage
 e - a potion of degeneration
 f - a potion of brilliance
 h - 3 potions of lignification
 n - 2 potions of curing
 o - a potion of attraction
 v - a potion of haste


   Skills:
 + Level 5.6 Short Blades
 - Level 3.0 Dodging
 + Level 9.2 Stealth
 + Level 6.6 Spellcasting
 + Level 7.1 Hexes


You had 12 spell levels left.
You knew the following spells:

 Your Spells              Type           Power      Damage    Failure   Level
a - Ensorcelled Hibernat  Hex/Ice        68%        N/A       3%          2
b - Confusing Touch       Hex            55%        N/A       1%          3
c - Tukima's Dance        Hex            55%        N/A       1%          3

Your spell library contained the following spells:

 Spells                   Type           Power      Damage    Failure   Level
 Dazzling Flash           Conj/Hex       68%        N/A       6%          3
 Freeze                   Ice            40%        1d6       9%          1
 Fulminant Prism          Conj/Hex       17%        3d10      19%         4
 Call Canine Familiar     Summ           10%        N/A       26%         3
 Frozen Ramparts          Ice            20%        1d4       26%         3
 Hailstorm                Conj/Ice       10%        3d5       26%         3
 Kindle Blastsparks       Fire/Tloc/Air  20%        2d11      26%         3
 Flame Wave               Conj/Fire      10%        2d6       65%         4
 Iskenderun's Mystic Bla  Conj/Tloc      10%        2d4       65%         4
 Lee's Rapid Deconstruct  Erth           5%         3d6*      94%         5
 Ignition                 Fire           5%         3d4       100%        8


Dungeon Overview and Level Annotations

Branches:
Dungeon (5/15)             Temple (1/1) D:4

Altars:
Ashenzari
Gozag
Makhleb
Okawaru
Qazlal
Ru
Sif Muna
Trog
Yredelemnul
Zin
Lugonu

Shops:
D:4 ?*=*


Innate Abilities, Weirdness & Mutations

You are very small and have problems with some larger weapons.
You are too small for most types of armour.
You have supernaturally acute eyesight. (SInv)
You cover ground extremely quickly. (Speed+++)


Message History

Press: ? - help, Shift-Dir - straight line, f - gnoll
Aim: a gnoll, wielding a +0 flail (chance to affect: 71%)
You feel a surge of power!
The gnoll looks drowsy...
The gnoll hits your +1 trident of venom with a +0 whip of electrocution.
Something hits your +1 trident of venom!
Your +1 trident of venom falls from the air.
Casting: Ensorcelled Hibernation (safe; 3% risk of failure)
Confirm with . or Enter, or press ? or * to list all spells.
Aiming: Ensorcelled Hibernation (safe; 3% risk of failure)
Press: ? - help, Shift-Dir - straight line, f - gnoll, p - gnoll
Aim: a gnoll, wielding a +0 spear (chance to affect: 71%)
You feel a surge of power!
The gnoll looks drowsy...
Unknown command.
Things that are here:
a +0 ring mail; a gnoll corpse The helpless gnoll fails to defend itself.
You perforate the gnoll like a sieve!!!
You kill the gnoll!
The helpless gnoll fails to defend itself.
You skewer the gnoll like a kebab!!!
You kill the gnoll!
The orc priest invokes the aid of Beogh against you.
Beogh smites you!
Casting: Ensorcelled Hibernation (safe; 3% risk of failure)
Confirm with . or Enter, or press ? or * to list all spells.
Aiming: Ensorcelled Hibernation (safe; 3% risk of failure)
Press: ? - help, Shift-Dir - straight line, f - gnoll
Aim: a gnoll, wielding a +0 whip of electrocution (chance to affect: 71%)
You feel a surge of power!
The gnoll struggles to resist.
The orc priest calls down the wrath of Beogh upon you.
Beogh smites you!
* * * LOW HITPOINT WARNING * * *
The gnoll barely misses you.
Casting: Ensorcelled Hibernation (safe; 3% risk of failure)
Confirm with . or Enter, or press ? or * to list all spells.
Okay, then.
You feel better.
The orc priest calls down the wrath of Beogh upon you.
Beogh smites you!
You die...

.[................###...........#
.....####).###....##..........###
##.#.......# #...............##
##.##...##.###......#........#
######.######..###........####
#§§§§#.#§§§§#..†#.......### ####
#§§§§#.#§§§§#...#.#...### ##...
#§§§§#.#§§§§#.....#...## ##....
#§§§§#_#§§§§####@)...÷.#####.....
#§§§§###§§§§#.##g#..)#...........
#§§§§§8§§§§§#.#.o.)).#######.....
#§§§§§§§§§§§#.......()..####.....
#.<.................. #
#......#..#..###..... #
#............# #.....
###....#####..##.....
############......# #.........


You could see an orc priest (poisoned) and a gnoll.

Vanquished Creatures
  An ogre (D:3)
  A kobold brigand (D:5)
  A gnoll sergeant (D:5)
  4 necrophages (D:5)
  2 scorpions (D:4)
  A vampire bat (D:5)
  5 jellies
  An orc priest (D:5)
  3 hounds (D:5)
  Ijyb (D:3)
  6 iguanas
  7 gnolls
  10 adders
  A shadow imp (D:5)
  4 worms
  12 dart slugs
  10 orcs
  11 ball pythons
  14 bats
  7 endoplasms
  3 giant cockroaches
  6 goblins
  5 hobgoblins
  5 jackals
  7 kobolds
  6 quokkas
  5 frilled lizards
  8 rats
147 creatures vanquished.

Vanquished Creatures (others)
  A dancing weapon (D:5)
1 creature vanquished.

Grand Total: 148 creatures vanquished

Notes
Turn   | Place    | Note
-------+----------+-------------------------------------------
     0 | D:1      | Querens the Spriggan Enchanter began the quest for the Orb.
     0 | D:1      | Reached XP level 1. HP: 9/9 MP: 5/5
   180 | D:1      | Reached XP level 2. HP: 13/13 MP: 6/6
   207 | D:1      | Learned a level 2 spell: Ensorcelled Hibernation
   721 | D:1      | Reached XP level 3. HP: 16/16 MP: 8/8
   778 | D:2      | Got Sif Muna's Papyrus of Production and Flames
   801 | D:2      | Reached skill level 5 in Stealth
  1020 | D:2      | Reached XP level 4. HP: 21/21 MP: 2/10
  1135 | D:2      | Identified the +1 flail of Turmoil {holy, *Slow Str+3}
  1908 | D:3      | Noticed an ogre
  1914 | D:3      | Killed an ogre
  1915 | D:3      | Reached skill level 6 in Stealth
  1915 | D:3      | Reached XP level 5. HP: 24/24 MP: 8/12
  2216 | D:3      | Reached skill level 5 in Hexes
  2338 | D:3      | Noticed Ijyb
  2351 | D:3      | Killed Ijyb
  2352 | D:3      | Reached XP level 6. HP: 26/28 MP: 8/13
  2469 | D:4      | Found Hiykeb's Magic Scroll Shop.
  2472 | D:4      | Bought a scroll of identify for 20 gold pieces
  2472 | D:4      | Bought a scroll of identify for 20 gold pieces
  2472 | D:4      | Bought a scroll of identify for 20 gold pieces
  2472 | D:4      | Bought a scroll of identify for 20 gold pieces
  2472 | D:4      | Bought a scroll of vulnerability for 40 gold pieces
  2473 | D:4      | Found Model's Assorted Antiques.
  2483 | D:4      | Found a staircase to the Ecumenical Temple.
  2497 | D:4      | Bought a scroll labelled KICIDEEDIO for 22 gold pieces
  2509 | Temple   | Entered the Ecumenical Temple
  2566 | D:4      | Found Astroxyf's Jewellery Boutique.
  2611 | D:4      | Reached skill level 7 in Stealth
  2683 | D:4      | Learned a level 3 spell: Confusing Touch
  2687 | D:4      | Learned a level 3 spell: Tukima's Dance
  2721 | D:4      | Reached skill level 5 in Spellcasting
  2898 | D:4      | Reached XP level 7. HP: 23/32 MP: 10/15
  3011 | D:4      | Bought a cyan potion for 19 gold pieces
  3059 | D:4      | Found Uwihodgh's Assorted Antiques.
  3076 | D:4      | Bought a glowing clear potion for 19 gold pieces
  3076 | D:4      | Bought a scroll labelled WOXKOTR FYRIA for 22 gold pieces
  3150 | D:4      | Found a basalt altar of Yredelemnul.
  3278 | D:5      | Entered Level 5 of the Dungeon
  3388 | D:5      | Reached skill level 8 in Stealth
  3423 | D:5      | Identified the +1 robe of Yneats {Will- Str+4 Int+5
                  | Archmagi}
  3524 | D:5      | Reached skill level 5 in Short Blades
  3526 | D:5      | Found a sacrificial altar of Ru.
  3529 | D:5      | Found a bloodstained altar of Trog.
  3535 | D:5      | Reached XP level 8. HP: 29/36 MP: 18/18
  3707 | D:5      | Found a stormy altar of Qazlal.
  3742 | D:5      | Reached skill level 9 in Stealth
  3905 | D:5      | Killed from afar by an orc priest

Illustrated notes

Levels and vault maps discovered:
D:1:      roderic_octagonal_star, layout_loops_corners
D:2:      minmay_diamond_boxcup, layout_basic, interstate_on_off,
          chequers_avenue
D:3:      layout_basic, uniq_ijyb
D:4:      kennysheep_slugbush, layout_basic, mainiacjoe_overflow_alcove_1,
          minmay_temple_entry_butterflies, serial_shops, nicolae_stop_n_shop_2,
          nicolae_stop_n_shop_2, nicolae_shop_overgrown_old_shop,
          nicolae_shop_trees, kennysheep_generic_room_4
D:5:      layout_rooms, nicolae_qazlal_eye_of_the_storm,
          chequers_temple_overflow_statue_of_worship, roderic_batcave,
          kennysheep_generic_room_6
Temple:   corrupted_temple

Skill      XL: |  1  2  3  4  5  6  7  8 |
---------------+-------------------------+-----
Dodging        | 3 |  3.0
Spellcasting   | 3 4 5 6 |  6.6
Hexes          | 4 5 6 7 |  7.1
Short Blades   | 2 3 4 5 |  5.6
Stealth        | 5 6 7 8 9 |  9.2

Action                   |  1- 3 |  4- 6 |  7- 9 || total
-------------------------+-------+-------+-------++-------
Melee: Dagger            |   115 |   187 |   131 ||   433
       Punch             |     3 |     1 |       ||     4
 Cast: Ensorcelled Hiber |    10 |    31 |    28 ||    69
       Confusing Touch   |       |       |    10 ||    10
       Tukima's Dance    |       |       |     1 ||     1
  Use: Scroll            |       |       |    11 ||    11
       Potion            |       |       |     2 ||     2
 Stab: Sleeping          |    20 |    33 |    23 ||    76
       Distracted        |     1 |       |       ||     1
       Confused          |       |       |     8 ||     8
Armor: Robe              |     9 |    10 |    15 ||    34
Dodge: Dodged            |    66 |   121 |   112 ||   299

Table legend: (Time is in decaauts)
 A = Elapsed time spent in this place.
 B = Non-inter-level travel time spent in this place.
 C = Inter-level travel time spent in this place.
 D = Time resting spent in this place.
 E = Time spent auto-exploring this place.
 F = Levels seen in this place.
 G = Mean time per level.
                   A        B        C        D        E       F      G
               +--------+--------+--------+--------+--------+-----+--------+
         Total |   2566 |   2220 |    346 |      5 |      0 |   6 |  427.7 |
       Dungeon |   2541 |   2195 |    346 |      5 |      0 |   5 |  508.2 |
        Temple |     24 |     24 |      0 |      0 |      0 |   1 |   24.0 |
               +--------+--------+--------+--------+--------+-----+--------+

Top non-repeatable levels by time:
     D:3: 587 daAuts
     D:4: 567 daAuts
     D:2: 504 daAuts
     D:1: 495 daAuts
     D:5: 386 daAuts
  Temple: 24 daAuts
